 Dungeon Sprint DCSS version 0.30.1-3-gfc49f6343a (webtiles) character file.

Game seed: 8622135053923194017

8513 boopmooplesden the Stickfighter (level 11, -3/98 HPs)
             Began as a Demonspawn Gladiator on July 27, 2023.
             Was the Champion of Trog.
             Slain by a freezing wraith (22 damage)
             ... in the Dungeon (Sprint VII: "The Pits").
             The game lasted 00:04:31 (1734 turns).

boopmooplesden the Stickfighter (DsGl)              Turns: 1734, Time: 00:04:32

Health: -3/98      AC: 24    Str: 21    XL:     11   Next: 10%
Magic:  3/3        EV: 17    Int: 13    God:    Trog [******]
Gold:   0          SH:  0    Dex: 15    Spells: 10/10 levels left

rFire   . . .        x - +7 lajatang (antimagic)
rCold   . . .        (shield currently unavailable)
rNeg    . . .        p - +3 chain mail
rPois   .            c - +0 helmet
rElec   .            w - +0 cloak
rCorr   .            (gloves unavailable)
SInv    .            (no boots)
Will    .....        (no amulet) Stlth
                     s - +3 ring of strength
HPRegen 0.36/turn    t - +3 ring of intelligence
MPRegen 0.08/turn

%: no teleportation
@: agile, lethally poisoned (-3 -> -4), sanguine armoured, on berserk cooldown,
slowed, very slow
A: claws 3, powered by pain 1, sanguine armour 1
a: Renounce Religion, Berserk, Trog's Hand, Brothers in Arms


You were in the Dungeon.
You worshipped Trog.
Trog was exalted by your worship.
You visited 1 branch

Inventory:

Hand Weapons
 a - a +0 quarterstaff
 l - a +2 quarterstaff
 q - a +1 quarterstaff of speed
 r - a +1 lajatang of flaming
 x - a +7 antimagic lajatang (weapon)
Missiles
 d - 3 throwing nets (quivered)
 e - a javelin
Armour
 b - a +0 leather armour
 c - a +0 helmet (worn)
 p - a +3 chain mail (worn)
 v - a +0 pair of gloves
 w - a +0 cloak (worn)
Jewellery
 s - a +3 ring of strength (left claw)
 t - a +3 ring of intelligence (right claw)
Scrolls
 k - a scroll of blinking
 n - 5 scrolls of amnesia
 o - a scroll of butterflies
Potions
 f - 6 potions of curing
 g - 8 potions of heal wounds
 h - 3 potions of haste
 i - 4 potions of magic
 j - 3 potions of berserk rage
 m - 2 potions of invisibility
 u - 2 potions of resistance


   Skills:
 + Level 13.3 Fighting
 + Level 16.6 Staves
 + Level 3.2 Throwing
 + Level 11.3 Armour
 + Level 9.3 Dodging
 + Level 2.6 Stealth


You had 10 spell levels left.
You didn't know any spells.
Your spell library was empty.

Dungeon Overview and Level Annotations

Branches:
Dungeon (1/1)

Altars:
Cheibriados
Dithmenos
Fedhas
Gozag
Hepliaklqana
Makhleb
Nemelex Xobeh
Okawaru
Qazlal
Ru
Sif Muna
Trog
Vehumet
Wu Jian
Xom
Yredelemnul
Jiyva
Lugonu


Innate Abilities, Weirdness & Mutations

You have claws for hands.
You sometimes gain a little power by taking damage.
When seriously injured, your blood forms armour. (AC +6)


Message History

You feel sick.
The freezing wraith closely misses you. x2
The mummy hits you but does no damage.
You feel very sick.
The freezing wraith hits you but does no damage.
The freezing wraith hits you.
* * * LOW HITPOINT WARNING * * *
The freezing wraith misses you.
The freezing wraith hits you but does no damage.
The mummy hits you but does no damage.
Things that are here:
a +0 long sword; a +0 robe You hit the mummy but do no damage.
You feel sick.
The freezing wraith completely misses you.
The freezing wraith closely misses you.
You slash the mummy!
The mummy is moderately damaged.
You feel sick. The mummy barely misses you.
The freezing wraith hits you but does no damage. x2
You hit the mummy.
The mummy is heavily damaged.
You feel sick.
The freezing wraith completely misses you.
The freezing wraith hits you but does no damage.
The mummy barely misses you.
You barely miss the mummy.
The mummy is heavily damaged.
You feel sick.
The freezing wraith hits you but does no damage. x2
You slash the mummy!
The mummy is almost destroyed.
You feel sick.
The freezing wraith hits you but does no damage. x2
The mummy hits you but does no damage.
You slice the mummy!!
You destroy the mummy!
Trog accepts your kill.
You feel sick. The freezing wraith hits you.
* * * LOW HITPOINT WARNING * * *
The freezing wraith freezes you!!
You die...

........# #''#####
#''############
#......'.÷')÷.###
#......'.÷)÷÷...##
#.....##.÷##.....##
#...###....###....#
#..##........###.###
#''#...#..#...#)@).#..
#...).........'.W..'..+
#))#...#..#...#....#..#
#).##........###.###..#
#...###....###....# ..#
#.....##..##.....## N.#
##.....'..'.....## N.
###...'..'...### ...
############


You could see a freezing wraith.

Vanquished Creatures
  A naga warrior (D)
  A naga ritualist (D)
  A deep elf pyromancer (D)
  A deep elf zephyrmancer (D)
  A manticore (D)
  A smoke demon (D)
  A demonic crawler (D)
  An orange demon (D)
  An efreet (D)
  A freezing wraith (D)
  A kobold demonologist (D)
  A snapping turtle (D)
  6 dream sheep (D)
  5 yaks (D)
  A redback (D)
  A warg (D)
  A naga (D)
  2 swamp drakes (D)
  A black bear (D)
  6 wolves (D)
  A kobold brigand (D)
  A phantom (D)
  A necrophage (D)
  A gnoll sergeant (D)
  A quasit (D)
  A jelly (D)
  Crazy Yiuf (D)
  A mummy (D)
  4 gnolls (D)
  A river rat (D)
  2 ufetubi (D)
  3 orcs (D)
  2 giant cockroaches (D)
  A goblin (D)
  2 quokkas (D)
  A bat (D)
  A kobold (D)
60 creatures vanquished.

Vanquished Creatures (collateral kills)
  A tyrant leech (D)
  A yak (D)
  7 wolves (D)
  A river rat (D)
  A hobgoblin (D)
11 creatures vanquished.

Vanquished Creatures (others)
  A dream sheep (D)
1 creature vanquished.

Grand Total: 72 creatures vanquished

Notes
Turn   | Place    | Note
-------+----------+-------------------------------------------
     0 | D        | boopmooplesden the Demonspawn Gladiator began the quest for
                  | the Orb.
     0 | D        | Reached XP level 1. HP: 16/16 MP: 1/1
    40 | D        | Found a bloodstained altar of Trog.
    40 | D        | Found a shimmering blue altar of Sif Muna.
    40 | D        | Found a viscous altar of Jiyva.
    40 | D        | Found a hazy altar of Hepliaklqana.
    40 | D        | Found an opulent altar of Gozag.
    41 | D        | Found a basalt altar of Yredelemnul.
    41 | D        | Found a shimmering altar of Xom.
    41 | D        | Found an ornate altar of the Wu Jian Council.
    41 | D        | Found a sacrificial altar of Ru.
    41 | D        | Found a stormy altar of Qazlal.
    41 | D        | Found an iron altar of Okawaru.
    41 | D        | Found a sparkling altar of Nemelex Xobeh.
    41 | D        | Found a burning altar of Makhleb.
    41 | D        | Found a blossoming altar of Fedhas.
    41 | D        | Found a shadowy altar of Dithmenos.
    41 | D        | Found a snail-covered altar of Cheibriados.
    43 | D        | Found a corrupted altar of Lugonu.
    43 | D        | Found a radiant altar of Vehumet.
    44 | D        | Became a worshipper of Trog the Wrathful
    56 | D        | Reached skill level 3 in Staves
    62 | D        | Gained mutation: When seriously injured, your blood forms
                  | armour. (AC +6) [demonic ancestry]
    62 | D        | Reached XP level 2. HP: 14/23 MP: 2/2
   103 | D        | Reached * piety under Trog
   122 | D        | Reached ** piety under Trog
   133 | D        | Reached skill level 4 in Staves
   133 | D        | Gained mutation: You have sharp fingernails. [demonic
                  | ancestry]
   133 | D        | Reached XP level 3. HP: 17/28 MP: 3/3
   239 | D        | Noticed a black bear
   240 | D        | Noticed Crazy Yiuf
   240 | D        | Noticed a gnoll sergeant
   252 | D        | Reached *** piety under Trog
   253 | D        | Reached skill level 1 in Armour
   258 | D        | Killed a gnoll sergeant
   259 | D        | Reached skill level 5 in Staves
   259 | D        | Reached skill level 5 in Dodging
   259 | D        | Reached XP level 4. HP: 37/37 MP: 4/4
   261 | D        | Killed a black bear
   262 | D        | Reached skill level 7 in Staves
   262 | D        | Reached XP level 5. HP: 43/43 MP: 5/5
   263 | D        | Noticed a warg
   267 | D        | Killed Crazy Yiuf
   268 | D        | Reached skill level 5 in Fighting
   269 | D        | Reached **** piety under Trog
   282 | D        | Killed a warg
   283 | D        | Reached skill level 8 in Staves
   283 | D        | Reached XP level 6. HP: 52/52 MP: 6/6
   335 | D        | Reached skill level 9 in Staves
   335 | D        | Reached skill level 1 in Stealth
   337 | D        | Noticed a smoke demon
   344 | D        | Killed a smoke demon
   344 | D        | Reached ***** piety under Trog
   345 | D        | Reached skill level 10 in Staves
   345 | D        | Reached skill level 5 in Armour
   345 | D        | Reached XP level 7. HP: 57/59 MP: 7/7
   583 | D        | Noticed a dream sheep
   583 | D        | Noticed a dream sheep
   583 | D        | Noticed a dream sheep
   583 | D        | Noticed a dream sheep
   583 | D        | Noticed a dream sheep
   583 | D        | Noticed a dream sheep
   586 | D        | Noticed a dream sheep
   594 | D        | Killed a dream sheep
   595 | D        | Reached skill level 11 in Staves
   595 | D        | Gained mutation: You have very sharp fingernails. [demonic
                  | ancestry]
   595 | D        | Reached XP level 8. HP: 46/67 MP: 8/8
   599 | D        | Killed a dream sheep
   599 | D        | Received a gift from Trog
   602 | D        | Killed a dream sheep
   603 | D        | Reached skill level 12 in Staves
   605 | D        | Killed a dream sheep
   611 | D        | Killed a dream sheep
   622 | D        | Killed a dream sheep
   623 | D        | Reached skill level 13 in Staves
   628 | D        | Reached XP level 9. HP: 50/75 MP: 9/9
   633 | D        | Received a gift from Trog
   811 | D        | Noticed a freezing wraith
   829 | D        | Killed a freezing wraith
   830 | D        | Reached skill level 14 in Staves
   955 | D        | Noticed a demonic crawler
   956 | D        | Noticed a kobold demonologist
   956 | D        | Noticed a manticore
   958 | D        | Noticed an orange demon
   960 | D        | Noticed an efreet
   963 | D        | Killed a demonic crawler
   969 | D        | Killed a kobold demonologist
   973 | D        | Killed a manticore
   974 | D        | Reached skill level 10 in Fighting
   976 | D        | Killed an efreet
   976 | D        | Reached ****** piety under Trog
   984 | D        | Killed an orange demon
   985 | D        | Reached skill level 15 in Staves
   985 | D        | Gained mutation: You sometimes gain a little power by
                  | taking damage. [demonic ancestry]
   985 | D        | Reached XP level 10. HP: 47/86 MP: 10/10
  1193 | D        | Noticed a deep elf pyromancer
  1194 | D        | Noticed a deep elf zephyrmancer
  1199 | D        | Killed a deep elf pyromancer
  1199 | D        | Received a gift from Trog
  1213 | D        | Killed a deep elf zephyrmancer
  1316 | D        | Received a gift from Trog
  1332 | D        | Reached skill level 10 in Armour
  1334 | D        | Reached skill level 16 in Staves
  1335 | D        | Received a gift from Trog
  1342 | D        | Received a gift from Trog
  1693 | D        | Noticed a naga ritualist
  1693 | D        | Noticed a naga warrior
  1717 | D        | Killed a naga warrior
  1718 | D        | Gained mutation: You have claws for hands. [demonic
                  | ancestry]
  1718 | D        | Reached XP level 11. HP: 91/98 MP: 3/11
  1727 | D        | Killed a naga ritualist
  1734 | D        | Slain by a freezing wraith

Illustrated notes

Levels and vault maps discovered:
D:        pitsprint [storerooms_1, entrance_room_1, metal_vault_4, armoury_2,
          mini_pit_1, grid_room_1, main_hall_1, silver_pit, the_coven_3,
          the_vestibule_1, steel_vault_5, golden_pit, hallway_of_sentries,
          crystal_vault_2, iron_vault_1, final_vault]

Skill      XL: |  1  2  3  4  5  6  7  8  9 10 |
---------------+-------------------------------+-----
Staves         | 3 4 5 7 8 10 11 13 15 16 | 16.6
Dodging        | 3 4 5 6 7 8 9 |  9.3
Throwing       | 2 3 |  3.2
Fighting       | 3 4 5 6 7 8 10 13 | 13.3
Armour         | 2 3 4 5 7 8 11 | 11.3
Stealth        | 1 2 |  2.6

Action                     |  1- 3 |  4- 6 |  7- 9 | 10-12 || total
---------------------------+-------+-------+-------+-------++-------
  Melee: Quarterstaff      |    44 |    36 |    64 |       ||   144
         Lajatang          |       |       |    38 |    65 ||   103
 Invoke: Berserk           |     1 |     1 |     3 |     3 ||     8
         Brothers in Arms  |       |       |       |     1 ||     1
    Use: Potion            |       |       |     2 |     3 ||     5
 Armour: Leather armour    |    11 |       |       |       ||    11
         Chain mail        |    16 |    12 |    60 |    66 ||   154
  Dodge: Dodged            |    40 |     8 |    57 |    69 ||   174
